 Dungeon Crawl Stone Soup version 0.20-a0-1058-g0491fde (webtiles) character file.

349 Gorglomux the Cleaver (level 6, -9/52 HPs)
             Began as a Hill Orc Monk on Apr 26, 2017.
             Was a Believer of Elyvilon.
             Mangled by an ogre
             ... wielding a +0 giant club
              (25 damage)
             ... on level 4 of the Dungeon.
             The game lasted 00:06:16 (3709 turns).

Gorglomux the Cleaver (Hill Orc Monk)               Turns: 3709, Time: 00:06:17

Health: -9/52      AC:  5    Str: 15    XL:     6   Next: 60%
Magic:  7/7        EV: 11    Int: 10    God:    Elyvilon [**....]
Gold:   204        SH:  0    Dex: 14    Spells: 5/5 levels left

rFire    . . .     SeeInvis .   a - +0 hand axe
rCold    . . .     Gourm    .   (no shield)
rNeg     . . .     Faith    .   t - +0 ring mail
rPois    +         Spirit   .   (no helmet)
rElec    .         Reflect  .   (no cloak)
rCorr    +         Harm     .   (no gloves)
MR       .....                  (no boots)
Stlth    +.........             (no amulet)
Regen    0.2/turn               p - ring of resist corrosion
MPRegen  0.1/turn               f - ring of poison resistance {rPois, !d}

@: no status effects
A: no striking features
a: Lesser Healing, Heal Other, Divine Protection, Renounce Religion


You were on level 4 of the Dungeon.
You worshipped Elyvilon.
Elyvilon was pleased with you.
You were hungry.

You visited 1 branch of the dungeon, and saw 4 of its levels.

You collected 204 gold pieces.

Inventory:

Hand Weapons
 a - a +0 hand axe (weapon)
Armour
 b - a +0 robe
 t - a +0 ring mail (worn)
   (You took it off a goblin on level 2 of the Dungeon)
Jewellery
 f - a ring of poison resistance (right hand) {rPois, !d}
   (You found it on level 1 of the Dungeon)
 p - a ring of resist corrosion (left hand)
   (You found it on level 2 of the Dungeon)
Scrolls
 d - 3 scrolls of remove curse
 e - a scroll of immolation {!r}
 g - a scroll of magic mapping {unknown}
 k - a scroll of fear
 o - 3 scrolls of teleportation
 r - a scroll of enchant weapon
 v - a scroll of random uselessness {unknown}
 w - a scroll of blinking {unknown}
Potions
 h - 2 potions of flight
 i - a potion of agility
 m - a potion of degeneration {unknown}
 n - a potion of haste {unknown}
 q - 2 potions of brilliance
 s - a potion of lignification {!q}
 u - a potion of might {unknown}
Comestibles
 c - 4 bread rations {@e1@e1}
 j - 2 royal jellies
 l - 3 fruits
 x - 5 chunks of flesh {@w0@w0}


   Skills:
 + Level 3.9 Fighting
 * Level 8.9 Axes
 + Level 0.7 Armour
 - Level 2.4 Dodging
 - Level 1.5 Stealth
 * Level 2.0 Invocations


You had 5 spell levels left.
You didn't know any spells.

Dungeon Overview and Level Annotations

Branches:
Dungeon (4/15)
 Temple: D:4-7

Altars:
Elyvilon
Fedhas


Message History

You slash the adder!
You kill the adder!
No target in view!
You see here an adder corpse.
You butcher the adder corpse.
x - a chunk of flesh {@w0@w0} You see here an adder skeleton.
There is a stone staircase leading down, spattered with blood here.
You see here 4 stones.
You climb downwards.
There is a stone staircase leading up here.
(D) Dungeon
Where to? (Enter - D:3, ? - help) Eating a chunk of flesh {@w0@w0}.
You eat the chunk of flesh {@w0@w0}.
There is a stone staircase leading down here.
You climb downwards.
A worker ant comes into view.
Found 15 stones.
Found a blossoming altar of Fedhas.
There is a stone staircase leading up here.
The worker ant closely misses you.
You hit the worker ant. The worker ant barely misses you.
You hit the worker ant. The worker ant misses you.
You hit the worker ant. The worker ant barely misses you.
You hit the worker ant. The worker ant barely misses you.
You hit the worker ant. The worker ant closely misses you.
Unknown command.
You barely miss the worker ant. The worker ant closely misses you.
You barely miss the worker ant. The worker ant bites you.
You take 3 damage, and have 48/51 hp.
You completely miss the worker ant. The worker ant completely misses you.
You barely miss the worker ant. The worker ant bites you.
You take 3 damage, and have 45/51 hp.
You hit the worker ant but do no damage.
The worker ant bites you.
You take 6 damage, and have 39/51 hp.
You hit the worker ant.
You kill the worker ant!
Your Invocations skill increases to level 1!
No target in view!
No target in view!
An ogre comes into view. It is wielding a giant club.
The ogre shouts!
You hit the ogre. The ogre closely misses you.
You closely miss the ogre. The ogre closely misses you.
You hit the ogre but do no damage.
An ogre is nearby!
An ogre is nearby!
An ogre is nearby!
You slash the ogre! The ogre barely misses you.
You hit the ogre but do no damage. The ogre barely misses you.
You hit the ogre. You barely miss the ogre.
The ogre hits you with a giant club!
You hit the ogre. The ogre closely misses you.
You take 7 damage, and have 33/52 hp.
Unknown command.
You barely miss the ogre. You hit the ogre. The ogre barely misses you.
You slash the ogre!
You kill the ogre!
Your Invocations skill increases to level 2!
Things that are here:
a giant club; an ogre corpse You butcher the ogre corpse.
x - 5 chunks of flesh {@w0@w0} You see here a giant club.
You start resting.
Health restored: 52; MP restored: 7 You now have 204 gold pieces (gained 19).
Found an escape hatch in the floor.
The ogre shouts!
The ogre is too close now for your liking.
An ogre is nearby!
The ogre hits you with a giant club!
You take 11 damage, and have 41/52 hp.
MASSIVE DAMAGE!!
You hit the ogre.
Unknown command.
You hit the ogre.
You are feeling hungry.
The ogre closely misses you.
You slash the ogre! The ogre hits you with a giant club.
Unknown command.
You take 1 damage, and have 40/52 hp.
You hit the ogre but do no damage. The ogre hits you with a giant club!
You take 9 damage, and have 31/52 hp.
Unknown command.
You are too injured to fight recklessly!
Unknown command.
You are too injured to fight recklessly!
You hit the ogre. You barely miss the ogre.
The ogre hits you with a giant club!!
Ouch! That really hurt!
* * * LOW HITPOINT WARNING * * *
You take 26 damage, and have 5/52 hp.
MASSIVE DAMAGE!!
Found a stone staircase leading down.
You see here a giant club.
There is a stone staircase leading up here.
The ogre hits you with a giant club!!
You die...

######## ##.....@##
.......O.## ..........#
..≈≈≈.(...# .≈_.......#
≈≈≈≈......# ≈.≈.......#
#.......)##############
.......................


You could see an ogre.

Vanquished Creatures
  An ogre (D:4)
  2 hounds (D:4)
  2 worker ants
  7 adders
  2 oozes (D:2)
  5 worms
  A dart slug (D:1)
  2 leopard geckos
  An orc (D:3)
  A ball python (D:2)
  5 bats
  2 giant cockroaches (D:2)
  8 goblins
  10 hobgoblins
  2 jackals (D:1)
  4 kobolds
  2 quokkas (D:2)
  3 frilled lizards
  11 rats
71 creatures vanquished.

Notes
Turn   | Place    | Note
-------+----------+-------------------------------------------
     0 | D:1      | Gorglomux the Hill Orc Monk began the quest for the Orb.
     0 | D:1      | Reached XP level 1. HP: 19/19 MP: 1/1
   263 | D:1      | Reached XP level 2. HP: 25/26 MP: 2/2
   417 | D:1      | Reached skill level 5 in Axes
   778 | D:2      | Reached XP level 3. HP: 28/31 MP: 3/3
   802 | D:2      | HP: 7/31 [quokka (3)]
   816 | D:2      | Reached skill level 6 in Axes
  1148 | D:2      | Reached XP level 4. HP: 39/39 MP: 4/4
  1604 | D:2      | HP: 9/39 [worm (11)]
  1610 | D:2      | HP: 7/39 [rat (2)]
  1821 | D:2      | Reached skill level 7 in Axes
  1908 | D:2      | Found a white marble altar of Elyvilon.
  2087 | D:2      | Became a worshipper of Elyvilon the Healer
  2087 | D:2      | Reached * piety under Elyvilon
  2087 | D:2      | Reached ** piety under Elyvilon
  2508 | D:3      | Reached XP level 5. HP: 40/45 MP: 5/5
  2792 | D:4      | Reached skill level 8 in Axes
  2795 | D:4      | HP: 10/45 [hound (4)]
  2802 | D:4      | HP: 14/67 [hound (2)]
  2809 | D:4      | Reached XP level 6. HP: 13/51 MP: 3/6
  3124 | D:4      | HP: 8/51 [ogre/giant club (27)]
  3490 | D:4      | Found a blossoming altar of Fedhas.
  3503 | D:4      | Reached skill level 1 in Invocations
  3518 | D:4      | Reached skill level 2 in Invocations
  3644 | D:4      | HP: 5/52 [ogre/giant club (26)]
  3709 | D:4      | Mangled by an ogre

Vault maps used:
D:1:      minmay_arrival_glassed_features
D:2:      lemuel_doored_altar
D:3:      nicolae_overflow_hidden_temple, st_stairs_14
D:4:      minmay_temple_entry_hall, fedhas_altar_2

Skill      XL: |  1  2  3  4  5  6 |
---------------+-------------------+-----
Axes           | 5 6 7 8 |  8.9
Invocations    | 2 |  2.0
Fighting       | |  3.9
Armour         | |  0.7
Dodging        | |  2.4
Stealth        | |  1.5

Action                   |  1- 3 |  4- 6 || total
-------------------------+-------+-------++-------
Melee: Hand axe          |   115 |   192 ||   307
Invok: Lesser Healing    |       |     4 ||     4
  Use: Potion            |     2 |     2 ||     4
       Scroll            |       |     7 ||     7
 Stab: Sleeping          |     6 |     5 ||    11
       Distracted        |       |     1 ||     1
  Eat: Chunk             |     1 |     8 ||     9
Armor: Robe              |     6 |    18 ||    24
       Skin              |       |    12 ||    12
       Ring mail         |       |     2 ||     2
Dodge: Dodged            |    86 |    99 ||   185

Vault maps used:
D:1:      minmay_arrival_glassed_features
D:2:      lemuel_doored_altar
D:3:      nicolae_overflow_hidden_temple, st_stairs_14
D:4:      minmay_temple_entry_hall, fedhas_altar_2

Table legend:
 A = Turns spent in this place as a percentage of turns spent in the entire game.
 B = Non-inter-level travel turns spent in this place as a percentage of non-inter-level travel turns spent in the entire game.
 C = Inter-level travel turns spent in this place as a percentage of turns spent in this place.
 D = Turns resting spent in this place as a percentage of non-inter-level travel turns spent in this place.
 E = Turns spent auto-exploring this place as a percentage of non-inter-level travel turns spent in this place.
 F = Non-inter-level travel turns spent in this place divided by the number of levels of this place that you've seen.
                   A       B       C       D       E      F
               +-------+-------+-------+-------+-------+----------------------
         Total | 100.0 | 100.0 |   0.7 |   2.3 |  10.4 | 339.2
       Dungeon | 100.0 | 100.0 |   0.7 |   2.3 |  10.4 | 339.2
               +-------+-------+-------+-------+-------+----------------------

Table legend:
 A = Kills in this place as a percentage of kills in entire the game.
 B = Kills by you in this place as a percentage of kills by you in the entire game.
 C = Kills by friends in this place as a percentage of kills by friends in the entire game.
 D = Other kills in this place as a percentage of other kills in the entire game.
 E = Experience gained in this place as a percentage of experience gained in the entire game.
 F = Experience gained in this place divided by the number of levels of this place that you have seen.
                   A       B       C       D       E      F
               +-------+-------+-------+-------+-------+----------------------
         Total | 100.0 | 100.0 |  -nan |  -nan | 100.0 | 124.8
       Dungeon | 100.0 | 100.0 |  -nan |  -nan | 100.0 | 124.8
               +-------+-------+-------+-------+-------+----------------------
